 Dungeon Crawl Stone Soup version 0.30-a0-916-g9813417 (webtiles) character file.

Game seed: 13079961110854858587

95185 Dorkslayer the Cleaver (level 16, -15/104 HPs)
             Began as a Gargoyle Fighter on Mar 21, 2023.
             Was an Initiate of Gozag.
             Demolished by a bunyip (21 damage)
             ... on level 2 of the Swamp.
             The game lasted 01:24:04 (18688 turns).

Dorkslayer the Cleaver (Gargoyle Fighter)          Turns: 18688, Time: 01:24:05

Health: -15/104    AC: 39    Str: 31    XL:     16   Next: 13%
Magic:  16/16      EV:  8    Int: 18    God:    Gozag
Gold:   2517       SH: 12    Dex: 16    Spells: 15/15 levels left

rFire   + + .      SeeInvis +    l - +16 obsidian axe {drain, demonic, Mesm Drain Fly SInv}
rCold   + + .      Faith    .    O - +0 kite shield
rNeg    + + +      Spirit   .    Y - +3 plate armour {Will+}
rPois   ∞          Reflect  .    b - +0 helmet of Henotheism {Regen+ Int+2}
rElec   +          Rampage  .    v - +1 cloak of the Pit {*Corrode rF+ rC+ rN+}
rCorr   .          NoCast   +    c - +2 pair of gloves {Dex+3}
Will    ++++.                    h - +0 pair of boots Stlth
                                 V - amulet of Syklesak {Acrobat -Cast +Blink rElec Str+4}
HPRegen 1.17/turn                k - ring "Vuby" {rC+ rN+ Will++}
MPRegen 0.15/turn                J - ring "Giesoessa" {*Slow rF+ Str+5 Int+7}

@: gold aura, flying, mesmerised, hasted and slowed, constricted, studying 2
skills
A: sickness immunity, AC +12, big wings, negative energy resistance 1,
electricity resistance, torment resistance 1, petrification resistance, weak 1
a: Renounce Religion, Evoke Blink, Potion Petition, Call Merchant, Bribe Branch


You were on level 2 of the Swamp.
You worshipped Gozag.
Gozag was most pleased with you.
You visited 5 branches of the dungeon, and saw 22 of its levels.
You also visited: Bailey, Gauntlet and Ice Cave.

You collected 10279 gold pieces.
You spent 3050 gold pieces at shops.
You paid 4712 gold pieces to Gozag.

Inventory:

Hand Weapons
 l - the +16 obsidian axe (weapon) {drain, demonic, Mesm Drain Fly SInv}
   (You acquired it on level 8 of the Dungeon)

   Mesm:      Its wielder is mesmerised by any visible foes, and it cannot be
   unequipped while any foes are visible.
   SInv:      It lets you see invisible.
   Fly:       It grants you flight.
   Drain:     It drains your maximum health when unequipped.
 T - a +6 spectral demon trident
Missiles
 e - 11 boomerangs
 I - a throwing net
 M - 3 curare-tipped darts (quivered)
 P - 17 javelins
Armour
 b - the +0 helmet of Henotheism (worn) {Regen+ Int+2}
   (You found it on level 3 of the Dungeon)

   Int:       It affects your intelligence (+2).
   Regen:     It increases your rate of health regeneration.
 c - a +2 pair of gloves of dexterity (worn)
 h - a +0 pair of boots (worn)
 v - the +1 cloak of the Pit (worn) {*Corrode rF+ rC+ rN+}
   (You bought it in a shop on level 3 of the Lair of Beasts)

   rF:        It protects you from fire.
   rC:        It protects you from cold.
   rN:        It protects you from negative energy.
   *Corrode:  It may corrode you when you take damage.
 O - a +0 kite shield (worn)
 Y - a +3 plate armour of willpower (worn)
Jewellery
 i - the ring "Leoc" {rElec rC+ Will- Dex+6 Stlth+}
   (You found it on level 2 of the Orcish Mines)

   [ring of dexterity]

   Dex:       It affects your dexterity (+6).
   rC:        It protects you from cold.
   rElec:     It insulates you from electricity.
   Will:      It decreases your willpower.
   Stlth:     It makes you more stealthy.
 k - the ring "Vuby" (left hand) {rC+ rN+ Will++}
   (You found it in a Gauntlet)

   [ring of protection from cold]

   rC:        It protects you from cold.
   rN:        It protects you from negative energy.
   Will:      It greatly increases your willpower.
 s - the ring of Okawaru's Supremacy {rPois rF++ rCorr Str+2}
   (You found it in a Gauntlet)

   [ring of resist corrosion]

   Str:       It affects your strength (+2).
   rF:        It greatly protects you from fire.
   rPois:     It protects you from poison.
   rCorr:     It protects you from acid and corrosion.
 J - the ring "Giesoessa" (right hand) {*Slow rF+ Str+5 Int+7}
   (You found it on level 10 of the Dungeon)

   [ring of protection from fire]

   Str:       It affects your strength (+5).
   Int:       It affects your intelligence (+7).
   rF:        It protects you from fire.
   *Slow:     It may slow you when you take damage.
 V - the amulet of Syklesak (around neck) {Acrobat -Cast +Blink rElec Str+4}
   (You found it in a Gauntlet)

   [amulet of the acrobat]

   It increases your evasion while moving and waiting.
   Str:       It affects your strength (+4).
   rElec:     It insulates you from electricity.
   +Blink:    It lets you blink.
   -Cast:     It prevents spellcasting.
Wands
 a - a wand of iceblast (3)
 q - a wand of paralysis (15)
 B - a wand of light (4)
 C - a wand of mindburst (14)
 H - a wand of polymorph (4)
 N - a wand of flame (14)
Scrolls
 d - 2 scrolls of summoning
 j - 4 scrolls of fog
 m - 3 scrolls of fear
 p - 8 scrolls of teleportation
 t - 3 scrolls of identify
 y - 5 scrolls of magic mapping
 A - 6 scrolls of immolation
 E - 2 scrolls of poison
 G - 3 scrolls of silence
 K - 3 scrolls of blinking
 R - 3 scrolls of enchant armour
 U - a scroll of noise
Potions
 f - 4 potions of attraction
 g - 7 potions of curing
 n - 4 potions of lignification
 o - a potion of resistance
 r - 4 potions of brilliance
 w - 3 potions of mutation
 x - 3 potions of might
 F - 2 potions of magic
 L - a potion of cancellation
 Q - a potion of berserk rage
 X - a potion of invisibility
Miscellaneous
 u - a phial of floods
 z - a tin of tremorstones (2/2)
 S - a box of beasts


   Skills:
 * Level 13.4 Fighting
 * Level 13.5 Axes
 * Level 9.9 Throwing
 + Level 11.1 Armour
 + Level 9.4 Dodging
 + Level 11.2 Shields
 * Level 10.2 Evocations


You had 15 spell levels left.
You didn't know any spells.
Your spell library contained the following spells:

 Spells                   Type           Power      Damage    Failure   Level
 Apportation              Tloc           0%         N/A       96%         1
 Magic Dart               Conj           0%         1d3       96%         1
 Necrotise                Necr           0%         1d4       96%         1
 Slow                     Hex            0%         N/A       96%         1
 Summon Small Mammal      Summ           0%         N/A       96%         1
 Blink                    Tloc           0%         N/A       99%         2
 Lesser Beckoning         Tloc           0%         N/A       99%         2
 Momentum Strike          Conj/Tloc      0%         3d8       99%         2
 Poisonous Vapours        Pois/Air       0%         N/A       99%         2
 Searing Ray              Conj           0%         2d4       99%         2
 Call Canine Familiar     Summ           0%         N/A       100%        3
 Confusing Touch          Hex            0%         N/A       100%        3
 Dazzling Flash           Conj/Hex       0%         N/A       100%        3
 Inner Flame              Hex/Fire       0%         N/A       100%        3
 Mephitic Cloud           Conj/Pois/Air  0%         N/A       100%        3
 Portal Projectile        Hex/Tloc       0%         N/A       100%        3
 Vampiric Draining        Necr           0%         2d6       100%        3
 Animate Armour           Summ/Erth      0%         N/A       100%        4
 Cause Fear               Hex            0%         N/A       100%        4
 Fulminant Prism          Conj/Hex       0%         3d5       100%        4
 Iskenderun's Mystic Bla  Conj/Tloc      0%         2d3       100%        4
 Leda's Liquefaction      Hex/Erth       0%         N/A       100%        4
 Summon Ice Beast         Ice/Summ       0%         N/A       100%        4
 Blade Hands              Tmut           0%         N/A       100%        5
 Freezing Cloud           Conj/Ice/Air   0%         6-21      100%        5
 Summon Mana Viper        Hex/Summ       0%         N/A       100%        5
 Yara's Violent Unravell  Hex/Tmut       0%         3d3       100%        5
 Iron Shot                Conj/Erth      0%         9d1       100%        6
 Starburst                Conj/Fire      0%         6d3       100%        6
 Enfeeble                 Hex            0%         N/A       100%        7
 Monstrous Menagerie      Summ           0%         N/A       100%        7
 Discord                  Hex            0%         N/A       100%        8
 Polar Vortex             Ice            0%         N/A       100%        9
 Cigotuvi's Dreadful Rot  Necr/Pois/Air  Unusable   N/A       N/A         2
 Simulacrum               Ice/Necr       Unusable   N/A       N/A         6

Dungeon Overview and Level Annotations

Branches:
Dungeon (12/15)            Temple (1/1) D:6            Lair (5/5) D:8
  Swamp (2/4) Lair:3       Spider (0/4) Lair:3        Slime (0/5) Lair:5
    Orc (2/2) D:12            Elf (0/3) Orc:2        Bailey (visited)
  IceCv (visited)         Gauntlet (visited)

Altars:
Ashenzari
Cheibriados
Dithmenos
Elyvilon
Fedhas
Gozag
Hepliaklqana
Kikubaaqudgha
Makhleb
Nemelex Xobeh
Okawaru
Qazlal
Ru
Sif Muna
Trog
Uskayaw
Vehumet
Wu Jian
Xom
Yredelemnul
Zin
The Shining One

Shops:
D:8 *   D:11 *[   Orc:1 (   Orc:2 ([:?   Lair:3 ?(?[[


Innate Abilities, Weirdness & Mutations

You are immune to sickness and miasma.
Your stone body is resilient. (AC +12)
You are immune to poison.
Your large and strong wings let you fly.
You resist negative energy. (rN+)
You are resistant to electric shocks. (rElec)
You are resistant to unholy torment.
You are immune to petrification.
You are weak. (Str -2)


Message History

The six-headed hydra barely misses you. x2
The six-headed hydra bites you but does no damage.
You block the six-headed hydra's attack.
The six-headed hydra barely misses you. The bunyip closely misses you.
The bunyip claws you but does no damage.
The bunyip claws you!
* * * LOW HITPOINT WARNING * * *
Your smoke demon barely misses the bunyip.
Your smoke demon hits the bunyip. x2
The spriggan rider hits you from afar with a +0 spear!
* * * LOW HITPOINT WARNING * * *
The tentacled monstrosity tentacle-slaps you but does no damage. x3
The tentacled monstrosity constricts you.
The six-headed hydra closely misses you.
The six-headed hydra bites you but does no damage. x4
The six-headed hydra completely misses you.
Okay, then.
As you read the scroll of fear, it crumbles to dust.
You assume a fearsome visage.
The tentacled monstrosity resists with almost no effort.
The bunyip looks frightened! x2; The spriggan rider easily resists.
The six-headed hydra looks frightened!
Your smoke demon hits the bunyip. x2
Your smoke demon's attack snaps the bunyip out of its fear.
Your smoke demon hits the bunyip but does no damage.
The spriggan rider hits you from afar with a +0 spear!
* * * LOW HITPOINT WARNING * * *
The tentacled monstrosity tentacle-slaps you but does no damage. x2
The tentacled monstrosity closely misses you.
The tentacled monstrosity constricts you.
* * * LOW HITPOINT WARNING * * *
Your smoke demon barely misses the bunyip.
Your smoke demon hits the bunyip but does no damage.
Your smoke demon hits the bunyip.
Unknown command.
Unknown command.
You feel yourself speed up.
The bunyip claws you but does no damage.
The bunyip claws you!!
You die...
Your body crumbles into a pile of gold.

♣.~..~.~~~~..#
~..~~~~~.~...# ~~.~
####~~.§.....# ...~
...#.§(####.### ..#
...#.~##.##.##.###$##
...#.~♣♣♣....##....D♣
...#♣~♣♣♣♣...##.i.~.♣♣~~
~~.#♣~...♣....#.X.~~..~~
..~♣♣.§~~..~.#.3@.§~♣
♣.♣#♣.~~..~♣♣##♣xx♣♣~<.<
♣♣♣ ♣....~...# .~~~~~ .
♣.~♣.~~.♣♣..~~~~~~.
♣.~..~.♣♣♣♣♣♣..~.~.♣
♣~~~♣~.♣ ♣.~~~~.
♣♣~<♣♣~.♣ .~~..♣
♣.~.♣♣♣.♣ .~~.~~ ♣>.~♣


You could see a tentacled monstrosity (mesmerising), 2 bunyips, a six-headed
hydra (fleeing), a spriggan rider and a friendly smoke demon (summoned).

Vanquished Creatures
  Nikola (Swamp:1)
  Aizul (Swamp:1)
  2 orc warlords
  2 eleionomae (Swamp:2)
  4 bunyips
  Snorg (Lair:4)
  Harold (Orc:1)
  A hydra (Swamp:2)
  An alligator (Swamp:2)
  A death knight (D:12)
  A catoblepas (Lair:2)
  A boulder beetle (Lair:2)
  An orc high priest (Orc:2)
  3 two-headed ogres
  A fire crab (Gauntlet)
  Amaemon (Lair:2)
  3 skeletal warriors
  2 goliath frogs (Swamp:1)
  A skyshark (Lair:2)
  3 swamp dragons
  A wizard (D:11)
  3 orc knights
  A phantasmal warrior (D:12)
  A bog body (Swamp:2)
  A deep elf pyromancer (D:11)
  An orc sorcerer (Orc:1)
  3 will-o-the-wisps
  A cyclops (shapeshifter) (D:12)
  2 manticores (D:12)
  2 ugly things
  8 cyclopes
  Maurice (D:9)
  An ice statue (IceCv)
  2 black mambas (Lair:5)
  2 gargoyles
  An eye of devastation (Lair:5)
  5 cane toads
  4 komodo dragons
  An orange demon (Lair:2)
  3 kobold demonologists
  3 rime drakes
  Maggie (D:6)
  4 unseen horrors
  A freezing wraith (D:11)
  A yaktaur (D:11)
  2 anaconda simulacra (Lair:2)
  6 trolls
  2 hornets (Lair:5)
  6 tyrant leeches
  2 polar bears (Lair:5)
  Grinder (D:4)
  9 dream sheep (Lair:4)
  Prince Ribbit (D:7)
  5 slime creatures (D:12)
  5 shadows
  A vampire (D:12)
  6 wyverns
  A culicivora (Lair:3)
  7 spriggans (Lair:5)
  51 yaks
  A steam dragon (D:6)
  A basilisk (Lair:1)
  The ghost of AlexanderH the Digger, an amateur DrEE (D:3)
  3 fire bats (Gauntlet)
  A large abomination (Gauntlet)
  3 vampire mosquitoes
  A neqoxec (Orc:2)
  7 water moccasins
  3 acid dragons
  9 swamp worms
  A floating eye (Lair:5)
  2 ice beasts (D:7)
  2 sky beasts
  4 swamp drakes
  33 orc warriors
  5 black bears
  5 boggarts
  19 wolves
  5 ogres
  A phantom (D:7)
  3 centaurs
  4 small abominations (Gauntlet)
  2 kobold brigands
  7 bullfrogs
  3 gnoll sergeants
  A scorpion (D:6)
  A cane toad simulacrum (Lair:2)
  3 wights (D:6)
  4 killer bees (D:11)
  5 howler monkeys
  4 jellies
  2 quasits (Orc:2)
  Crazy Yiuf (D:5)
  14 orc priests
  8 hounds
  4 iguanas
  Ijyb (D:3)
  18 orc wizards
  3 wolf simulacra (IceCv)
  A yak simulacrum (Lair:2)
  A basilisk simulacrum (Lair:2)
  14 adders
  12 gnolls
  2 white imps
  3 worms
  80 orcs
  8 ball pythons
  8 bats
  12 endoplasms
  3 giant cockroaches
  26 goblins
  20 hobgoblins
  11 jackals
  6 quokkas
  4 frilled lizards
  21 kobolds
  5 rats
623 creatures vanquished.

Vanquished Creatures (collateral kills)
  Jorgrun (Orc:1)
  A bunyip (Swamp:1)
  A minotaur (Gauntlet)
  The ghost of Dega the Crack Shot, a journeyman SpHu of Dithmenos (Orc:2)
  4 hydras
  A centaur warrior (D:11)
  3 two-headed ogres
  A boulder beetle (D:11)
  A skeletal warrior (D:12)
  A bog body (Swamp:1)
  An orc knight (Orc:2)
  2 cyclopes
  An elephant (Lair:5)
  A black mamba (Lair:5)
  An ice statue (IceCv)
  5 cane toads
  A torpor snail (Lair:4)
  A komodo dragon (Lair:4)
  A rime drake (Lair:5)
  An anaconda simulacrum (Lair:2)
  4 hornets
  3 slime creatures
  A dream sheep (Lair:4)
  6 spriggans
  A shadow (D:11)
  A vampire (D:10)
  18 yaks
  2 wyverns
  4 basilisks
  2 hogs (D:10)
  A human (D:10)
  A vampire mosquito (Swamp:1)
  A small abomination (Gauntlet)
  4 neqoxecs (Orc:2)
  A steam dragon (Lair:3)
  2 swamp worms
  A warg (Orc:2)
  2 water moccasins
  A hydra simulacrum (IceCv)
  8 orc warriors
  A black bear (Lair:5)
  A boggart (Lair:5)
  9 wolves
  A kobold brigand (D:10)
  A bullfrog (Lair:1)
  An elephant simulacrum (IceCv)
  2 howler monkeys (D:9)
  A quasit (Orc:2)
  7 orc priests
  6 orc wizards
  4 gnolls
  An adder (D:8)
  31 orcs
  A ball python (D:8)
161 creatures vanquished.

Vanquished Creatures (others)
  An ugly thing (IceCv)
  An unseen horror (D:12)
  4 foxfires
  22 fungi
  39 plants
67 creatures vanquished.

Grand Total: 851 creatures vanquished

Notes
Turn   | Place    | Note
-------+----------+-------------------------------------------
     0 | D:1      | Dorkslayer the Gargoyle Fighter began the quest for the
                  | Orb.
     0 | D:1      | Reached XP level 1. HP: 14/14 MP: 1/1
    77 | D:1      | Reached XP level 2. HP: 18/19 MP: 2/2
   466 | D:1      | Reached skill level 1 in Dodging
   466 | D:1      | Reached XP level 3. HP: 20/23 MP: 3/3
   967 | D:2      | Reached XP level 4. HP: 29/29 MP: 4/4
  1830 | D:3      | Found a runed translucent gate.
  1831 | D:3      | Found a runed translucent gate.
  1831 | D:3      | Found a runed translucent gate.
  1833 | D:3      | Noticed AlexanderH's ghost (amateur DrEE)
  1846 | D:3      | Reached XP level 5. HP: 19/33 MP: 5/5
  2399 | D:3      | Noticed Ijyb
  2407 | D:3      | Paralysed by Ijyb for 3 turns
  2419 | D:3      | Killed Ijyb
  2420 | D:3      | Reached XP level 6. HP: 38/38 MP: 6/6
  2467 | D:3      | Identified the +0 helmet of Henotheism {Regen+ Int+2}
  2626 | D:3      | Identified a scroll of acquirement
  2626 | D:3      | Acquired 938 gold pieces
  2652 | D:3      | Killed AlexanderH's ghost
  2747 | D:4      | Reached XP level 7. HP: 44/44 MP: 7/7
  3058 | D:4      | Noticed Grinder
  3082 | D:4      | Killed Grinder
  3083 | D:4      | Reached skill level 5 in Fighting
  3083 | D:4      | Reached skill level 5 in Armour
  3083 | D:4      | Reached skill level 5 in Shields
  3083 | D:4      | Reached XP level 8. HP: 44/49 MP: 8/8
  3306 | D:5      | Entered Level 5 of the Dungeon
  3491 | D:5      | Identified the +3 falchion "Umics" {flame, rPois rF++ rN+}
  3576 | D:5      | Found a runed translucent door.
  3577 | D:5      | Noticed Crazy Yiuf
  4048 | D:5      | Killed Crazy Yiuf
  4089 | D:6      | Noticed Maggie
  4098 | D:6      | Killed Maggie
  4099 | D:6      | Reached skill level 5 in Dodging
  4099 | D:6      | Reached XP level 9. HP: 55/55 MP: 9/9
  4247 | D:6      | Found a staircase to the Ecumenical Temple.
  4266 | Temple   | Entered the Ecumenical Temple
  4451 | Temple   | Became a worshipper of Gozag Ym Sagoz the Greedy
  4828 | D:6      | Reached skill level 5 in Axes
  5459 | D:7      | Noticed Prince Ribbit
  5468 | D:7      | Killed Prince Ribbit
  5686 | D:7      | Found a bloodstained altar of Trog.
  5787 | D:7      | Reached XP level 10. HP: 61/61 MP: 10/10
  6002 | D:8      | Found a flagged portal.
  6027 | Bailey   | Entered a bailey
  6181 | Bailey   | Reached skill level 1 in Evocations
  6183 | Bailey   | Reached skill level 1 in Throwing
  6214 | Bailey   | Noticed an orc knight
  6228 | Bailey   | Killed an orc knight
  6239 | Bailey   | Noticed an orc warlord
  6240 | Bailey   | Noticed an orc knight
  6260 | Bailey   | Killed an orc warlord
  6262 | Bailey   | Killed an orc knight
  6367 | Bailey   | Identified the staff of cold "Olaw" {rC+ Str-5 Int+5}
  6485 | D:8      | Acquired the +16 obsidian axe {drain, demonic, Mesm Drain
                  | Fly SInv}
  6485 | D:8      | Found the +16 obsidian axe {drain, demonic, Mesm Drain Fly
                  | SInv}
  6665 | D:8      | Found a staircase to the Lair.
  6713 | D:8      | Reached XP level 11. HP: 68/68 MP: 11/11
  6753 | D:8      | Found a shimmering altar of Xom.
  6839 | D:8      | Noticed a two-headed ogre
  6843 | D:8      | Killed a two-headed ogre
  7154 | D:8      | Found Hobiodiu's Serpentskin Sales.
  7163 | D:8      | Bought 3 curare-tipped darts for 57 gold pieces
  7250 | D:8      | Found a glowing golden altar of the Shining One.
  7320 | D:9      | Noticed Maurice
  7330 | D:9      | Killed Maurice
  7409 | D:9      | Identified the +9 hand axe of Charmed Fortitude {drain,
                  | rF++ Int-2 Stlth+}
  7939 | D:10     | Entered Level 10 of the Dungeon
  8014 | D:10     | Found a blossoming altar of Fedhas.
  8064 | D:10     | Noticed a skeletal warrior
  8070 | D:10     | Noticed a sixfirhy
  8076 | D:10     | Killed a skeletal warrior
  8519 | D:10     | Reached skill level 5 in Evocations
  8709 | D:10     | Identified the ring "Giesoessa" {*Slow rF+ Str+5 Int+7}
  8736 | D:10     | Reached XP level 12. HP: 76/76 MP: 12/12
  8846 | D:11     | Noticed a boulder beetle
  8847 | D:11     | Noticed a two-headed ogre
  8865 | D:11     | Killed a two-headed ogre
  8866 | D:11     | Reached skill level 5 in Throwing
  8867 | D:11     | Killed a boulder beetle
  8910 | D:11     | Identified the +5 ring mail of a sewer {rPois Regen+ Str+3}
  8917 | D:11     | Noticed a two-headed ogre
  8926 | D:11     | Killed a two-headed ogre
  8943 | D:11     | Reached skill level 10 in Fighting
  9006 | D:11     | Noticed a centaur warrior
  9015 | D:11     | Killed a centaur warrior
  9036 | D:11     | Found Yreik's Antique Armour Boutique.
  9074 | D:11     | Found Wcoetuf's Whimsical Warehouse.
  9131 | D:11     | Reached XP level 13. HP: 82/82 MP: 13/13
 10214 | D:12     | Found a staircase to the Orcish Mines.
 10337 | D:12     | Found a runed translucent door.
 10525 | D:12     | Found the +5 robe of Misfortune {Harm *Corrode *Slow EV+5}
 10585 | D:12     | Identified the +0 robe "Zuxiaw" {Drain rF- Will+++ Str+10}
 11120 | Orc:1    | Entered Level 1 of the Orcish Mines
 11120 | Orc:1    | Noticed Jorgrun
 11120 | Orc:1    | Found Ycoos's Antique Weapon Emporium.
 11127 | Orc:1    | Noticed Harold
 11173 | Orc:1    | Killed Jorgrun
 11182 | Orc:1    | Killed Harold
 11183 | Orc:1    | Reached skill level 10 in Axes
 11346 | Orc:1    | Bought a runed demon trident for 522 gold pieces
 11360 | Orc:2    | Entered Level 2 of the Orcish Mines
 11530 | Orc:2    | Gained mutation: Your large and strong wings let you fly.
                  | [Gargoyle growth]
 11530 | Orc:2    | Reached XP level 14. HP: 90/90 MP: 14/14
 11625 | Orc:1    | Paralysed by an orc sorcerer for 3 turns
 11687 | Orc:2    | Found a staircase to the Elven Halls.
 11817 | Orc:2    | Found Syusmeph's Book Shoppe.
 11965 | Orc:2    | Noticed an orc warlord
 11973 | Orc:2    | Reached skill level 10 in Shields
 11982 | Orc:2    | Killed an orc warlord
 11987 | Orc:2    | Found Kehir's Antique Armour Emporium.
 11992 | Orc:2    | Found Amail's Antique Weapon Shoppe.
 12119 | Orc:2    | Found Widy's Magic Scroll Shoppe.
 12127 | Orc:2    | Bought a scroll of blinking for 120 gold pieces
 12127 | Orc:2    | Bought a scroll of fear for 64 gold pieces
 12127 | Orc:2    | Bought a scroll of identify for 32 gold pieces
 12127 | Orc:2    | Bought 2 scrolls of teleportation for 96 gold pieces
 12148 | Orc:2    | Found a transporter.
 12157 | Orc:2    | Noticed Dega's ghost (journeyman SpHu)
 12173 | Orc:2    | Found a transporter.
 12194 | Orc:2    | Gained mutation: You are weak. (Str -2) [a neqoxec]
 12197 | Orc:2    | Killed Dega's ghost
 12214 | Orc:2    | Identified the ring "Leoc" {rElec rC+ Will- Dex+6 Stlth+}
 12220 | Orc:2    | Identified the -2 hat "Usmel" {+Blink rF- Int+4 Dex+3}
 12868 | Lair:1   | Entered Level 1 of the Lair of Beasts
 12902 | Lair:1   | Found a frozen archway.
 12908 | IceCv    | Entered an ice cave
 12918 | IceCv    | Found a transporter.
 12931 | IceCv    | Found a transporter.
 12961 | IceCv    | Reached skill level 10 in Armour
 13599 | Lair:1   | Identified the +5 shortbow of Drought {heavy, Will+ Int+2}
 13828 | Lair:2   | Noticed Amaemon
 13831 | Lair:2   | Found a gate leading to a gauntlet.
 13842 | Lair:2   | Killed Amaemon
 13858 | Gauntlet | Entered a Gauntlet
 13858 | Gauntlet | Found a transporter.
 13858 | Gauntlet | Found a transporter.
 13869 | Gauntlet | Found a transporter.
 13896 | Gauntlet | Found a transporter.
 13906 | Gauntlet | Found a transporter.
 13909 | Gauntlet | Found a transporter.
 13919 | Gauntlet | Found a transporter.
 13937 | Gauntlet | Found a runed translucent door.
 13938 | Gauntlet | Found a transporter.
 13939 | Gauntlet | Found a runed translucent door.
 13942 | Gauntlet | Found a transporter.
 13945 | Gauntlet | Found a transporter.
 13973 | Gauntlet | Found a transporter.
 13976 | Gauntlet | Found a transporter.
 14182 | Gauntlet | Identified the ring "Vuby" {rC+ rN+ Will++}
 14214 | Gauntlet | Found the +9 staff of Wucad Mu {*channel}
 14223 | Gauntlet | Identified the ring of Okawaru's Supremacy {rPois rF++
                  | rCorr Str+2}
 14223 | Gauntlet | Identified the amulet of Syklesak {Acrobat -Cast +Blink
                  | rElec Str+4}
 14489 | Lair:2   | Found a transporter.
 14558 | Lair:2   | Found a transporter.
 15009 | Lair:3   | Reached XP level 15. HP: 87/97 MP: 15/15
 15106 | Lair:3   | Found a staircase to the Swamp.
 15135 | Lair:3   | Found a hole to the Spider Nest.
 15686 | Lair:4   | Identified the +1 ring mail of the Harp {Rampage Will-
                  | Int+7}
 15901 | Lair:4   | Noticed Snorg
 15912 | Lair:4   | Killed Snorg
 16589 | Lair:5   | Entered Level 5 of the Lair of Beasts
 16648 | Lair:5   | Found a staircase to the Slime Pits.
 16649 | Lair:5   | Paralysed by a floating eye for 2 turns
 17694 | Lair:3   | Bought a scroll of identify for 30 gold pieces
 17694 | Lair:3   | Bought a scroll of magic mapping for 112 gold pieces
 17694 | Lair:3   | Bought a scroll of immolation for 60 gold pieces
 17694 | Lair:3   | Bought a scroll of immolation for 60 gold pieces
 17702 | Lair:3   | Bought a scroll of noise for 17 gold pieces
 17702 | Lair:3   | Bought a scroll of enchant armour for 127 gold pieces
 17702 | Lair:3   | Bought a scroll of summoning for 161 gold pieces
 17704 | Lair:3   | Bought a glimmering helmet for 228 gold pieces
 17704 | Lair:3   | Identified the +0 helmet of the Pits of Slime {rPois MP+9
                  | Str-3 Stlth+} (You bought it in a shop on level 3 of the
                  | Lair of Beasts)
 17704 | Lair:3   | Bought a runed cloak for 180 gold pieces
 17704 | Lair:3   | Bought a runed plate armour for 624 gold pieces
 17732 | Lair:3   | Bought a pair of glowing gloves for 247 gold pieces
 17732 | Lair:3   | Bought a slimy cloak for 313 gold pieces
 17732 | Lair:3   | Identified the +1 cloak of the Pit {*Corrode rF+ rC+ rN+}
                  | (You bought it in a shop on level 3 of the Lair of Beasts)
 17769 | Swamp:1  | Entered Level 1 of the Swamp
 17983 | Swamp:1  | Found a white marble altar of Elyvilon.
 18027 | Swamp:1  | Noticed Aizul
 18038 | Swamp:1  | Killed Aizul
 18039 | Swamp:1  | Reached skill level 10 in Evocations
 18043 | Swamp:1  | Noticed Nikola
 18062 | Swamp:1  | Killed Nikola
 18271 | Swamp:1  | Identified the +0 leather armour "Hyna" {rCorr Str+2}
 18474 | Swamp:2  | Reached XP level 16. HP: 104/104 MP: 16/16
 18678 | Swamp:2  | Noticed a tentacled monstrosity
 18687 | Swamp:2  | HP: 5/104 [constriction (2)]
 18688 | Swamp:2  | Demolished by a bunyip

Illustrated notes

Levels and vault maps discovered:
D:1:      minmay_arrival_solitary_statue, layout_loops_corners,
          minmay_misc_feat_four_crosses
D:2:      layout_loops_corners
D:3:      minmay_inner_zag, layout_loops_ring, gammafunk_ghost_split,
          cheibrodos_gnoll_hut, uniq_ijyb
D:4:      cheibrodos_helix_gallery, layout_basic, uniq_grinder
D:5:      layout_loops_ring, uniq_crazy_yiuf_cottage
D:6:      layout_loops_cross, minmay_temple_entry_statues_pillars, uniq_maggie
D:7:      layout_loops_corners, trog_hazing_becter, uniq_prince_ribbit1
D:8:      layout_loops_ring, mainiacjoe_overflow_surrounded_room,
          nicolae_tso_swordbearing_angel, lair_entry_dummy, enter_bailey_5,
          dk_noncrumbling_4, guppyfry_shop_venom
D:9:      layout_cross, uniq_maurice
D:10:     layout_basic, fedhas_altar_1, grunt_livestock,
          minmay_fractal_squares_5
D:11:     minmay_the_grid_square_5x5_5x5 [minmay_the_grid_square_5x5_inset,
          minmay_the_grid_square_5x5_moneybag,
          minmay_the_grid_square_5x5_dogpile,
          minmay_the_grid_square_5x5_checkered,
          minmay_the_grid_square_5x5_eight_small,
          minmay_the_grid_square_5x5_tri_point,
          minmay_the_grid_square_5x5_prize_junk,
          minmay_the_grid_square_5x5_gyroscope,
          minmay_the_grid_square_5x5_prize_snowflake,
          minmay_the_grid_square_5x5_checkered_sparse,
          minmay_the_grid_square_5x5_eight, minmay_the_grid_square_5x5_two,
          minmay_the_grid_square_5x5_prize_gold,
          minmay_the_grid_square_5x5_almost_minimal,
          minmay_the_grid_square_5x5_three, minmay_the_grid_square_5x5_mess,
          minmay_the_grid_square_5x5_prize_pseudospiral,
          minmay_the_grid_square_5x5_beaten_path,
          minmay_the_grid_square_5x5_prize_open, minmay_the_grid_square_5x5_tie,
          minmay_the_grid_square_5x5_three_small,
          minmay_the_grid_square_5x5_spiral_small,
          minmay_the_grid_square_5x5_minibox,
          minmay_the_grid_square_5x5_detours, minmay_the_grid_square_5x5_seven],
          layout_long_grid, serial_shops, shop, nicolae_alphabet_shops
D:12:     layout_stronghold, orc_0_dummy, grunt_decor_mini_mirrors,
          lightli_airlock
Temple:   dpeg_five_rooms_temple
Lair:1:   layout_regular_city, portal_ice_cave_entry_pillars_2,
          grunt_megastairs_5
Lair:2:   gammafunk_cloud_chamber, layout_loops_ring, gauntlet_entry_generic,
          uniq_amaemon
Lair:3:   layout_small_grid, swamp_mist, spider_nest_entry_rubble
Lair:4:   layout_layer_cave, uniq_snorg
Lair:5:   minmay_lair_end_enchanted_forest, layout_big_grid,
          minmay_slime_entry_eyes, hangedman_lair_unloving_vines,
          infiniplex_staircase_pool, grunt_megastairs_4
Swamp:1:  layout_basic_swamp, lemuel_altar_in_water, swamp_pool3,
          infiniplex_staircase_pool_2, uniq_aizul, uniq_nikola
Swamp:2:  layout_falls_marsh, serial_swamp_ruin, evilmike_swamp_ruin_wall,
          evilmike_swamp_ruin_house_6, evilmike_swamp_ruin_house_3, swamp_pool3
Orc:1:    layout_diamond_mine, serial_shops, nicolae_shop_statue_plus,
          uniq_harold, uniq_jorgrun
Orc:2:    grunt_orc_community_town_hall, layout_caves,
          grunt_orc_community_big_house_2, grunt_orc_community_big_house_2,
          grunt_orc_community_house_2, grunt_orc_community_house_1,
          grunt_orc_community_house_2, grunt_orc_community_house_2,
          grunt_orc_community_house_2, gammafunk_ghost_stat_death,
          mines_bat_river

Skill      XL: |  1  2  3  4  5  6  7  8  9 10 11 12 13 14 15 |
---------------+----------------------------------------------+-----
Axes           | 2 3 4 5 6 7 8 10 11 13 | 13.5
Dodging        | 1 2 3 5 6 7 8 9 |  9.4
Shields        | 4 5 6 7 8 9 10 11 | 11.2
Fighting       | 4 5 6 7 9 10 11 12 13 | 13.4
Armour         | 4 5 6 7 8 9 10 11 | 11.1
Evocations     | 3 5 6 7 9 10 | 10.2
Throwing       | 3 4 6 7 8 9 |  9.9

Action                     |  1- 3 |  4- 6 |  7- 9 | 10-12 | 13-15 | 16-18 || total
---------------------------+-------+-------+-------+-------+-------+-------++-------
  Melee: War axe           |   104 |   161 |   288 |   142 |       |       ||   695
         Broad axe         |       |       |       |   201 |   659 |    30 ||   890
  Throw: Boomerang         |       |       |       |     2 |       |       ||     2
         Dart              |       |       |       |     6 |     9 |       ||    15
         Javelin           |       |       |       |       |     5 |       ||     5
 Invoke: Call Merchant     |       |       |       |       |     5 |       ||     5
  Evoke: Wand              |       |       |     4 |     7 |    10 |       ||    21
         Box of beasts     |       |       |       |       |     2 |       ||     2
         Phial of floods   |       |       |       |       |     1 |       ||     1
    Use: Scroll            |       |    10 |     6 |     5 |    15 |     1 ||    37
         Potion            |       |     2 |     6 |     4 |     3 |     2 ||    17
   Stab: Paralysed         |       |       |     9 |    15 |       |       ||    24
         Invisible         |       |       |       |     4 |       |       ||     4
         Distracted        |       |       |       |     1 |     5 |     1 ||     7
 Armour: Scale mail        |    78 |    97 |       |       |       |       ||   175
         Chain mail        |       |    25 |   218 |   202 |   325 |       ||   770
         Plate armour      |       |       |       |       |    25 |    69 ||    94
  Dodge: Dodged            |    53 |    80 |   145 |   155 |   283 |    27 ||   743
  Block: Buckler           |    22 |    35 |    85 |    93 |    93 |       ||   328
         Kite shield       |       |       |       |       |   199 |    30 ||   229

Table legend: (Time is in decaauts)
 A = Elapsed time spent in this place.
 B = Non-inter-level travel time spent in this place.
 C = Inter-level travel time spent in this place.
 D = Time resting spent in this place.
 E = Time spent auto-exploring this place.
 F = Levels seen in this place.
 G = Mean time per level.
                   A        B        C        D        E       F      G
               +--------+--------+--------+--------+--------+-----+--------+
         Total |  19002 |  18877 |    125 |     48 |   5236 |  25 |  760.1 |
       Dungeon |  10780 |  10655 |    125 |      0 |   4002 |  12 |  898.3 |
        Temple |    220 |    220 |      0 |      0 |    148 |   1 |  220.0 |
          Lair |   4465 |   4465 |      0 |      0 |   1045 |   5 |  893.0 |
         Swamp |    934 |    934 |      0 |      0 |     41 |   2 |  467.0 |
  Orcish Mines |   1634 |   1634 |      0 |     39 |      0 |   2 |  817.0 |
        Bailey |    476 |    476 |      0 |      9 |      0 |   1 |  476.0 |
      Ice Cave |    117 |    117 |      0 |      0 |      0 |   1 |  117.0 |
      Gauntlet |    372 |    372 |      0 |      0 |      0 |   1 |  372.0 |
               +--------+--------+--------+--------+--------+-----+--------+

Top non-repeatable levels by time:
    D:11: 1315 daAuts
   Orc:2: 1291 daAuts
    D:12: 1081 daAuts
  Lair:5: 1042 daAuts
     D:1: 984 daAuts
  Lair:4: 963 daAuts
  Lair:3: 963 daAuts
     D:3: 955 daAuts
     D:7: 939 daAuts
     D:8: 928 daAuts
    D:10: 891 daAuts
     D:2: 864 daAuts
  Lair:1: 847 daAuts
     D:5: 798 daAuts
     D:6: 761 daAuts
